 Dungeon Crawl Stone Soup version 0.31-a0-625-gc9c7e45f3f (webtiles) character file.

Game seed: 9932088408341671557

3 Ijustatesigmund the Trooper (level 1, 0/14 HPs)
             Began as a Gargoyle Fighter on Aug 24, 2023.
             Slain by a ball python (1 damage)
             ... on level 1 of the Dungeon.
             The game lasted 00:00:13 (68 turns).

Ijustatesigmund the Trooper (Gargoyle Fighter)        Turns: 68, Time: 00:00:13

Health: 0/14       AC:  9    Str: 19    XL:     1   Next: 50%
Magic:  1/1        EV:  6    Int:  8    God:
Gold:   13         SH:  4    Dex:  9    Spells: 0/0 levels left

rFire   . . .        a - +0 flail
rCold   . . .        c - +0 buckler
rNeg    + . .        b - +0 scale mail
rPois   ∞            (no helmet)
rElec   +            (no cloak)
rCorr   .            (no gloves)
SInv    .            (no boots)
Will    .....        (no amulet) Stlth
                     (no ring)
HPRegen 0.22/turn    (no ring)
MPRegen 0.07/turn

%: no passive effects
@: constricted
A: sickness immunity, AC +2, negative energy resistance 1, electricity
resistance, torment resistance 1, petrification resistance
a: no special abilities


You were on level 1 of the Dungeon.
You visited 1 branch of the dungeon, and saw 1 of its levels.

You collected 13 gold pieces.

Inventory:

Hand Weapons
 a - a +0 flail (weapon)
Armour
 b - a +0 scale mail (worn)
 c - a +0 buckler (worn)
Potions
 d - a potion of might
 e - a potion of haste {unknown}


   Skills:
 + Level 3.4 Fighting
 + Level 2.1 Maces & Flails
 - Level 3.2 Armour
 - Level 3.2 Shields


You couldn't memorise any spells.
You didn't know any spells.
Your spell library was empty.

Dungeon Overview and Level Annotations

Branches:
Dungeon (1/15)

Altars:


Innate Abilities, Weirdness & Mutations

You are immune to sickness and miasma.
Your stone body is resilient. (AC +2)
You are immune to poison.
You resist negative energy. (rN+)
You are resistant to electric shocks. (rElec)
You are resistant to unholy torment.
You are immune to petrification.


Message History

The gnoll hits you from afar with a +0 spear.
Found an orange potion.
The gnoll hits you with a +0 spear.
You hit the gnoll.
The gnoll is moderately wounded.
The gnoll closely misses you.
You closely miss the gnoll.
The gnoll is moderately wounded.
The gnoll barely misses you.
You barely miss the gnoll.
The gnoll is moderately wounded.
The ball python bites you but does no damage.
The ball python grabs you. The ball python constricts you.
The gnoll closely misses you. The ball python bites you.
The ball python constricts you.
You barely miss the ball python. The gnoll hits you with a +0 spear.
* * * LOW HITPOINT WARNING * * *
The ball python bites you.
* * * LOW HITPOINT WARNING * * *
The ball python constricts you. The gnoll hits you with a +0 spear.
* * * LOW HITPOINT WARNING * * *
You are too injured to fight recklessly!
You are too injured to fight recklessly!
You are too injured to fight recklessly!
You are too injured to fight recklessly!
You are too injured to fight recklessly!
You are too injured to fight recklessly!
You are too injured to fight recklessly!
You are too injured to fight recklessly!
You are too injured to fight recklessly!
You are too injured to fight recklessly!
You are too injured to fight recklessly!
You are too injured to fight recklessly!
You are too injured to fight recklessly!
You are too injured to fight recklessly!
You barely miss the gnoll.
The gnoll is moderately wounded.
The ball python bites you but does no damage.
The ball python constricts you. The gnoll barely misses you.
The ball python bites you.
You die...

#........##...#
#......[.# ...8#
#........# ...##
########........#
...#
................#
...#
......†.........#
.8
..........#######
..........#8###8##.
...........@g......
............S......
...................
..........#8###8##!
........^.### #
!........#
........# #######


You could see a gnoll and a ball python.

Vanquished Creatures
  A dart slug (D:1)
  A frilled lizard (D:1)
2 creatures vanquished.

Notes
Turn   | Place    | Note
-------+----------+-------------------------------------------
     0 | D:1      | Ijustatesigmund the Gargoyle Fighter began the quest for
                  | the Orb.
     0 | D:1      | Reached XP level 1. HP: 14/14 MP: 1/1
    68 | D:1      | Slain by a ball python

Illustrated notes

Levels and vault maps discovered:
D:1:      orjb1_lava_funnel, layout_basic, serial_corexii_hall,
          corexii_hall_statues_x, corexii_hall_statues_deadend

Action                     || total
---------------------------++-------
  Melee: Flail             ||    18
 Armour: Scale mail        ||    11
  Dodge: Dodged            ||     8

Table legend: (Time is in decaauts)
 A = Elapsed time spent in this place.
 B = Non-inter-level travel time spent in this place.
 C = Inter-level travel time spent in this place.
 D = Time resting spent in this place.
 E = Time spent auto-exploring this place.
 F = Levels seen in this place.
 G = Mean time per level.
                   A        B        C        D        E       F      G
               +--------+--------+--------+--------+--------+-----+--------+
         Total |     73 |     73 |      0 |      0 |     37 |   1 |   73.0 |
       Dungeon |     73 |     73 |      0 |      0 |     37 |   1 |   73.0 |
               +--------+--------+--------+--------+--------+-----+--------+

Top non-repeatable levels by time:
     D:1: 73 daAuts
